[Event "XXIX Cracovia 2018"]
[Site "Krakow"]
[Date "2019.01.03"]
[Round "8"]
[White "Licznerski, Lukasz"]
[Black "Marczuk, Dominik"]
[Result "1-0"]
[ECO "B13"]
[WhiteElo "2326"]
[BlackElo "2274"]
[Annotator "NA"]
[PlyCount "113"]
[EventDate "2018.12.27"]
[EventType "swiss"]
[EventCountry "POL"]
[SourceTitle "playchess.com"]
[Source "ChessBase"]
[SourceQuality "1"]
[TimeControl "40/5400+30:1800+30"]

1. e4 c6 2. d4 d5 3. exd5 cxd5 4. c4 Nf6 5. Nc3 Nc6 6. Bg5 e6 7. Nf3 Be7 8. c5 O-O 9. Bb5 Ne4 10. Bxe7 Nxe7 11. Qc2 Qa5 12. Qa4 Qxa4 13. Nxa4 Rb8 14. Rc1 f6 15. O-O Nc6 16. a3 Bd7 17. Rfe1 g5 18. h3 h5 19. Nc3 Nxc3 20. Rxc3 Kf7 21. Rd1 Rg8 22. Ne1 Ke7 23. Be2 g4 24. b4 e5 25. dxe5 Nxe5 26. hxg4 hxg4 27. Rxd5 Bc6 28. Rd1 Rbd8 29. Rxd8 Rxd8 30. Nd3 Nxd3 31. Rxd3 Rxd3 32. Bxd3 Ke6 33. Kh2 Ke5 34. Be2 Kd4 35. Bxg4 Kc3 36. Be6 Kb2 37. a4 Bxa4 38. Bd5 b6 39. c6 Kc3 40. c7 Bd7 41. Bb7 Kxb4 42. c8=Q Bxc8 43. Bxc8 a5 44. f4 a4 45. g4 Kc5 46. Bd7 b5 47. g5 fxg5 48. fxg5 a3 49. Be6 Kd6 50. Bb3 Ke5 51. Kg3 Kf5 52. Kh4 Kg6 53. Kg4 Kg7 54. Kf5 b4 55. Ba2 b3 56. Bxb3 Kh8 57. Kf6 1-0

[Event "XXIX Cracovia 2018"]
[Site "Krakow"]
[Date "2019.01.03"]
[Round "8"]
[White "Naboka, Sergey"]
[Black "Chylewski, Patryk"]
[Result "1/2-1/2"]
[ECO "D01"]
[WhiteElo "2324"]
[BlackElo "2268"]
[Annotator "NA"]
[PlyCount "39"]
[EventDate "2018.12.27"]
[EventType "swiss"]
[EventCountry "POL"]
[SourceTitle "playchess.com"]
[Source "ChessBase"]
[SourceQuality "1"]
[TimeControl "40/5400+30:1800+30"]

1. d4 Nf6 2. Nc3 d5 3. Bg5 Nbd7 4. Qd3 c5 5. e4 dxe4 6. Nxe4 e6 7. Nf3 Be7 8. Bxf6 Nxf6 9. dxc5 Qxd3 10. cxd3 Nxe4 11. dxe4 Bxc5 12. Bb5+ Bd7 13. Bxd7+ Kxd7 14. Ke2 Ke7 15. Rac1 Bb6 16. Rhd1 Rhd8 17. Rxd8 Rxd8 18. Rc2 Rd7 19. g3 Rc7 20. Rxc7+ 1/2-1/2

[Event "XXIX Cracovia 2018"]
[Site "Krakow"]
[Date "2019.01.03"]
[Round "8"]
[White "Vojtek, Vladimir"]
[Black "Jaskolka, Tomasz"]
[Result "0-1"]
[ECO "C15"]
[WhiteElo "2313"]
[BlackElo "2222"]
[Annotator "NA"]
[PlyCount "138"]
[EventDate "2018.12.27"]
[EventType "swiss"]
[EventCountry "POL"]
[SourceTitle "playchess.com"]
[Source "ChessBase"]
[SourceQuality "1"]
[TimeControl "40/5400+30:1800+30"]

1. e4 e6 2. d4 d5 3. Nc3 Bb4 4. a3 Bxc3+ 5. bxc3 dxe4 6. Qg4 Nf6 7. Qxg7 Rg8 8. Qh6 Rg6 9. Qd2 c5 10. Bb2 Nd5 11. O-O-O c4 12. Qe2 b5 13. Qxe4 Bb7 14. Nf3 Nd7 15. h4 Qc7 16. h5 Rg8 17. Ne5 Nxe5 18. Qxe5 Qxe5 19. dxe5 Rg5 20. Re1 O-O-O 21. Rh4 Ne7 22. a4 a6 23. Rf4 Nd5 24. Rxf7 Rxh5 25. g4 Rh1 26. Rd1 Nc7 27. Be2 Rdxd1+ 28. Bxd1 bxa4 29. Kd2 Bd5 30. f4 Nb5 31. f5 a3 32. Bxa3 Nxa3 33. f6 Nb1+ 34. Ke3 Rxd1 35. Rxh7 Re1+ 36. Kd4 Re4+ 37. Kc5 Rxg4 38. f7 Rf4 39. Rh8+ Kd7 40. f8=Q Rxf8 41. Rxf8 Nxc3 42. Rf7+ Ke8 43. Ra7 Ne4+ 44. Kd4 Nd2 45. Kc5 Nf3 46. Rxa6 Nxe5 47. Ra7 Nf3 48. Rg7 Ne1 49. c3 Nd3+ 50. Kd4 Nf4 51. Ke3 e5 52. Ra7 Ng6 53. Ra5 Ne7 54. Ra7 Kf7 55. Rd7 Ke6 56. Rd8 Nf5+ 57. Ke2 e4 58. Re8+ Kd6 59. Kd2 Be6 60. Ke2 Kd5 61. Kd2 e3+ 62. Ke2 Bf7 63. Rh8 Ke4 64. Rd8 Bh5+ 65. Ke1 Bg4 66. Rd7 Nh4 67. Rg7 Nf3+ 68. Ke2 Ne5+ 69. Kf1 e2+ 0-1

[Event "XXIX Cracovia 2018"]
[Site "Krakow"]
[Date "2019.01.03"]
[Round "8"]
[White "Zakrzewski, Marek"]
[Black "Kokoszczynski, Jan"]
[Result "1-0"]
[ECO "C54"]
[WhiteElo "2311"]
[BlackElo "2242"]
[Annotator "NA"]
[PlyCount "117"]
[EventDate "2018.12.27"]
[EventType "swiss"]
[EventCountry "POL"]
[SourceTitle "playchess.com"]
[Source "ChessBase"]
[SourceQuality "1"]
[TimeControl "40/5400+30:1800+30"]

1. e4 e5 2. Nf3 Nc6 3. Bc4 Bc5 4. c3 Nf6 5. d3 a6 6. Bb3 Ba7 7. O-O d6 8. Nbd2 O-O 9. h3 h6 10. Re1 Be6 11. Bc2 Re8 12. Nf1 d5 13. exd5 Bxd5 14. Ng3 Qd7 15. Be3 Bxe3 16. Rxe3 Rad8 17. Nh4 Be6 18. Nh5 Nxh5 19. Qxh5 f5 20. d4 Bf7 21. Qf3 exd4 22. Rxe8+ Rxe8 23. Nxf5 Be6 24. Re1 dxc3 25. Qxc3 Bxf5 26. Rxe8+ Qxe8 27. Bxf5 Kh8 28. Kh2 Qd8 29. Qg3 Nd4 30. Be4 b6 31. Qg4 Qd6+ 32. g3 Ne6 33. Qf5 Nf8 34. Kg2 a5 35. Qf7 Ne6 36. Qf5 Nf8 37. Bd5 Qe7 38. h4 g6 39. Qf3 Kg7 40. h5 gxh5 41. Qxh5 Ng6 42. Qf5 Qf6 43. Qc8 Nf4+ 44. gxf4 Qg6+ 45. Kh3 Qh5+ 46. Kg3 Qxd5 47. Qxc7+ Kg8 48. Qxb6 Qxa2 49. Qg6+ Kf8 50. Qxh6+ Kf7 51. Qh5+ Kg7 52. Qe5+ Kf7 53. f5 Qa1 54. Kg2 Qc1 55. Qe6+ Kf8 56. Qf6+ Kg8 57. Qg6+ Kf8 58. f6 Qc6+ 59. f3 1-0

[Event "XXIX Cracovia 2018"]
[Site "Krakow"]
[Date "2019.01.03"]
[Round "8"]
[White "Grela, Kacper"]
[Black "Gumularz, Szymon"]
[Result "1/2-1/2"]
[ECO "B22"]
[WhiteElo "2305"]
[BlackElo "2462"]
[Annotator "ChessBase"]
[PlyCount "83"]
[EventDate "2018.12.27"]
[EventType "swiss"]
[EventCountry "POL"]
[SourceTitle "playchess.com"]
[Source "ChessBase"]
[SourceQuality "1"]
[TimeControl "40/5400+30:1800+30"]

1. e4 c5 2. c3 d5 3. exd5 Qxd5 4. d4 Nc6 5. Nf3 Bf5 6. Be2 cxd4 7. cxd4 Bxb1 8. Rxb1 e6 9. O-O Bd6 10. a3 Nge7 11. Be3 O-O 12. b4 Nf5 13. Bd3 Rfd8 14. b5 Ncxd4 15. Nxd4 Nxd4 16. Bxd4 Qxd4 17. Bxh7+ Kxh7 18. Qxd4 Bxh2+ 19. Kxh2 Rxd4 20. Rfc1 Kg6 21. Rc7 Rh8+ 22. Kg3 Rd3+ 23. f3 Rxa3 24. b6 axb6 25. Rxb6 Rb8 26. Rbxb7 Rxb7 27. Rxb7 e5 28. Rb5 f6 29. Rb7 f5 30. Rb2 Kg5 31. Kf2 Ra7 32. g3 Re7 33. Rb5 Kf6 34. Ra5 e4 35. Ke3 g6 36. Ra6+ Kg5 37. Ra5 Rb7 38. fxe4 Kg4 39. exf5 gxf5 40. Kf2 Rb2+ 41. Kg1 Kxg3 42. Rxf5 1/2-1/2

[Event "XXIX Cracovia 2018"]
[Site "Krakow"]
[Date "2019.01.03"]
[Round "8"]
[White "Dzierzak, Radoslaw"]
[Black "Hnydiuk, Aleksander"]
[Result "0-1"]
[ECO "B59"]
[WhiteElo "2283"]
[BlackElo "2409"]
[Annotator "NA"]
[PlyCount "86"]
[EventDate "2018.12.27"]
[EventType "swiss"]
[EventCountry "POL"]
[SourceTitle "playchess.com"]
[Source "ChessBase"]
[SourceQuality "1"]
[TimeControl "40/5400+30:1800+30"]

1. e4 c5 2. Nf3 Nc6 3. d4 cxd4 4. Nxd4 Nf6 5. Nc3 d6 6. Be2 e5 7. Nb3 Be7 8. Bg5 O-O 9. Bxf6 Bxf6 10. Nd5 Bg5 11. Bg4 Be6 12. O-O Qd7 13. h3 g6 14. Bxe6 fxe6 15. Qg4 Bh6 16. Rad1 Qf7 17. Nc3 Rad8 18. Nb5 Qe7 19. c4 Bg7 20. Rd2 Bh6 21. Rdd1 Bg7 22. a3 a6 23. Nc3 Nd4 24. Nxd4 exd4 25. Ne2 e5 26. f4 Rc8 27. b3 b5 28. cxb5 axb5 29. Rc1 Rxc1 30. Nxc1 exf4 31. Rxf4 d5 32. Rxf8+ Bxf8 33. e5 Qxe5 34. Nd3 Qe3+ 35. Kh1 Qxd3 36. Qe6+ Kg7 37. Qe5+ Kf7 38. Qxd5+ Kf6 39. Qc6+ Kg5 40. Qd5+ Kh6 41. Qd8 Qf1+ 42. Kh2 Qf4+ 43. g3 Qd6 0-1

[Event "XXIX Cracovia 2018"]
[Site "Krakow"]
[Date "2019.01.03"]
[Round "8"]
[White "Marszalek, Maciej"]
[Black "Molenda, Marcin"]
[Result "1/2-1/2"]
[ECO "D35"]
[WhiteElo "2280"]
[BlackElo "2383"]
[Annotator "NA"]
[PlyCount "25"]
[EventDate "2018.12.27"]
[EventType "swiss"]
[EventCountry "POL"]
[SourceTitle "playchess.com"]
[Source "ChessBase"]
[SourceQuality "1"]
[TimeControl "40/5400+30:1800+30"]

1. d4 Nf6 2. c4 e6 3. Nc3 d5 4. cxd5 exd5 5. Bg5 Be7 6. e3 h6 7. Bxf6 Bxf6 8. Bd3 O-O 9. Nf3 Re8 10. O-O c6 11. Qc2 Nd7 12. b4 Nb6 13. Rab1 1/2-1/2

[Event "XXIX Cracovia 2018"]
[Site "Krakow"]
[Date "2019.01.03"]
[Round "8"]
[White "Sahil, Tickoo"]
[Black "Tomczak, Mikolaj"]
[Result "1/2-1/2"]
[ECO "A48"]
[WhiteElo "2224"]
[BlackElo "2442"]
[Annotator "NA"]
[PlyCount "46"]
[EventDate "2018.12.27"]
[EventType "swiss"]
[EventCountry "POL"]
[SourceTitle "playchess.com"]
[Source "ChessBase"]
[SourceQuality "1"]
[TimeControl "40/5400+30:1800+30"]

1. d4 Nf6 2. Nf3 g6 3. c4 Bg7 4. Nc3 O-O 5. e4 c6 6. Be2 d5 7. e5 Ne4 8. O-O Bf5 9. Qb3 Qd7 10. Be3 Rc8 11. Rac1 Nxc3 12. Rxc3 Be6 13. Ng5 dxc4 14. Bxc4 Bxc4 15. Qxc4 e6 16. Ne4 Qd5 17. Qxd5 exd5 18. Nd6 Rc7 19. Rb3 b6 20. Rc1 Nd7 21. Nb5 Rcc8 22. Nd6 Rc7 23. Nb5 Rcc8 1/2-1/2

[Event "XXIX Cracovia 2018"]
[Site "Krakow"]
[Date "2019.01.03"]
[Round "8"]
[White "Bus, Konrad"]
[Black "Paszewski, Mateusz"]
[Result "1/2-1/2"]
[ECO "D30"]
[WhiteElo "2221"]
[BlackElo "2342"]
[Annotator "NA"]
[PlyCount "40"]
[EventDate "2018.12.27"]
[EventType "swiss"]
[EventCountry "POL"]
[SourceTitle "playchess.com"]
[Source "ChessBase"]
[SourceQuality "1"]
[TimeControl "40/5400+30:1800+30"]

1. d4 d5 2. c4 e6 3. Nf3 c6 4. Nbd2 f5 5. g3 Bd6 6. Bg2 Nd7 7. Qc2 Ngf6 8. O-O O-O 9. b3 Qe7 10. Bb2 b6 11. Rac1 Bb7 12. Ne5 Rac8 13. e3 c5 14. Nxd7 Qxd7 15. dxc5 Bxc5 16. Rfd1 Qe7 17. Qb1 dxc4 18. Bxb7 Qxb7 19. Bxf6 gxf6 20. Nxc4 Rfd8 1/2-1/2

[Event "XXIX Cracovia 2018"]
[Site "Krakow"]
[Date "2019.01.03"]
[Round "8"]
[White "Wojciechowski, Piotr"]
[Black "Baum, Jonasz"]
[Result "1/2-1/2"]
[ECO "B90"]
[WhiteElo "2210"]
[BlackElo "2302"]
[Annotator "ChessBase"]
[PlyCount "193"]
[EventDate "2018.12.27"]
[EventType "swiss"]
[EventCountry "POL"]
[SourceTitle "playchess.com"]
[Source "ChessBase"]
[SourceQuality "1"]
[TimeControl "40/5400+30:1800+30"]

1. e4 c5 2. Nf3 d6 3. d4 cxd4 4. Nxd4 Nf6 5. Nc3 a6 6. Nb3 Nc6 7. Be3 Bd7 8. f3 e6 9. Qd2 b5 10. O-O-O Rc8 11. Kb1 Ne5 12. Qf2 b4 13. Bb6 Qe7 14. Ne2 Nc4 15. Nf4 e5 16. Bxc4 Rxc4 17. Na5 Rc8 18. Nb7 exf4 19. Nxd6+ Qxd6 20. Rxd6 Bxd6 21. e5 Bxe5 22. Re1 O-O 23. Rxe5 Be6 24. Qd2 Rfe8 25. b3 Rc6 26. Bd8 Nd7 27. Rxe6 Rexe6 28. Ba5 Nf6 29. Bxb4 h6 30. c4 Re3 31. Bd6 g5 32. c5 Rc8 33. Qd4 Ne8 34. h4 Ng7 35. hxg5 hxg5 36. Qa4 Rce8 37. c6 Nf5 38. Bc5 Re1+ 39. Kb2 Ne3 40. Bxe3 R8xe3 41. Qa5 R3e2+ 42. Ka3 Rc1 43. Qxg5+ Kf8 44. Qd8+ Kg7 45. Qd4+ Kg8 46. c7 Rec2 47. Qd8+ Kg7 48. Qg5+ Kh7 49. Qf6 Rxc7 50. Qxa6 R1c6 51. Qd3+ Rg6 52. Qf5 Kg8 53. Qxf4 Ra7+ 54. Kb4 Rxa2 55. g4 Rb6+ 56. Kc3 Ra5 57. Qc4 Rab5 58. f4 Kg7 59. b4 Kg6 60. Qe4+ Kg7 61. Qd4+ Kh7 62. Kb3 Kg8 63. Qc4 Rb8 64. Ka4 R5b7 65. b5 Kf8 66. Qc5+ Kg7 67. Kb4 Kf6 68. Qd6+ Kg7 69. Qc6 Rb6 70. Qc3+ Kg8 71. Qe5 R6b7 72. Qg5+ Kh7 73. Qc5 Kg8 74. Kc4 Kg7 75. Qe5+ Kg8 76. f5 f6 77. Qe6+ Kg7 78. g5 fxg5 79. Qg6+ Kf8 80. Qf6+ Ke8 81. Qg6+ Kf8 82. f6 Rc7+ 83. Kb4 Rcb7 84. Qh6+ Kf7 85. Kc4 Ke6 86. Qg6 Rxb5 87. f7+ Ke7 88. Qg7 Rb4+ 89. Kc3 Rb3+ 90. Kd2 Rb2+ 91. Ke3 R8b3+ 92. Ke4 Rb4+ 93. Kf5 Rf2+ 94. Kg6 Rb6+ 95. Kh5 Rxf7 96. Qxg5+ Rbf6 97. Qe5+ 1/2-1/2

[Event "XXIX Cracovia 2018"]
[Site "Krakow"]
[Date "2019.01.03"]
[Round "8"]
[White "Brozyna, Mateusz"]
[Black "Belous, Mikhail"]
[Result "0-1"]
[ECO "B90"]
[WhiteElo "2173"]
[BlackElo "2299"]
[Annotator "NA"]
[PlyCount "64"]
[EventDate "2018.12.27"]
[EventType "swiss"]
[EventCountry "POL"]
[SourceTitle "playchess.com"]
[Source "ChessBase"]
[SourceQuality "1"]
[TimeControl "40/5400+30:1800+30"]

1. e4 c5 2. Nf3 d6 3. d4 cxd4 4. Nxd4 Nf6 5. Nc3 a6 6. Bc4 e6 7. O-O Be7 8. a3 O-O 9. Ba2 b5 10. f4 Bb7 11. f5 e5 12. Nde2 Nbd7 13. Ng3 Rc8 14. Qe2 Nb6 15. Bg5 Nc4 16. Bxc4 Rxc4 17. Rad1 Rd4 18. Bxf6 Bxf6 19. Nh5 Qe7 20. Rd3 Kh8 21. Rh3 g6 22. Qf3 g5 23. Nf4 gxf4 24. Qh5 Bh4 25. Rxh4 f6 26. Rd1 Rg8 27. Qe2 Bc6 28. Kh1 a5 29. h3 b4 30. axb4 axb4 31. Nd5 Bxd5 32. exd5 f3 0-1

[Event "XXIX Cracovia 2018"]
[Site "Krakow"]
[Date "2019.01.03"]
[Round "8"]
[White "Strybuk, Artsiom I"]
[Black "Colijn, Stefan"]
[Result "1/2-1/2"]
[ECO "D15"]
[WhiteElo "2172"]
[BlackElo "2331"]
[Annotator "NA"]
[PlyCount "191"]
[EventDate "2018.12.27"]
[EventType "swiss"]
[EventCountry "POL"]
[SourceTitle "playchess.com"]
[Source "ChessBase"]
[SourceQuality "1"]
[TimeControl "40/5400+30:1800+30"]

1. c4 c6 2. d4 d5 3. Nf3 Nf6 4. Nc3 a6 5. c5 g6 6. Ne5 {D15: Slav Defence: 4 Nc3 a6 and gambit lines after 4 Nc3 dxc4} (6. Bf4 Bg7 7. h3 O-O 8. e3 Bf5 9. Be2 Nbd7 10. Ne5 Ne4 11. Nxe4 Bxe4 12. O-O Nxe5 13. Bxe5 f6 14. Bg3 e5 15. Qd2 Qe7 16. b4 {½-½ (34) Yu,Y (2751)-Artemiev,V (2691) Huaian 2017}) 6... Bg7 7. e3 O-O 8. f4 Nfd7 9. Nd3 $146 ({Predecessor:} 9. Be2 f6 10. Nxd7 Nxd7 11. O-O e5 12. b4 Re8 {0-1 (25) Puskar,J (2011)-Macko,M (2123) Slovakia 2012}) 9... f6 10. f5 Re8 11. Nf4 Nf8 12. fxg6 hxg6 13. Bd3 f5 14. O-O e5 15. dxe5 Nbd7 16. Na4 Nxe5 17. Be2 Ned7 18. Bd2 Nf6 19. Bf3 Be6 20. Bc3 Bf7 21. Bd4 N8d7 22. Nc3 Ne5 23. b3 Qc7 24. Qd2 Rad8 25. Rae1 Re7 26. Bd1 Rde8 27. Bc2 Bh6 28. h3 Qc8 29. Qf2 Ne4 30. Nxe4 dxe4 31. Kh1 g5 32. Ne2 Bg6 33. Rd1 Kh7 34. Qg3 Qe6 35. h4 Bh5 36. Rd2 Bxe2 37. Rxe2 Ng4 38. Ree1 Qf7 39. Bd1 gxh4 40. Qxh4 Rg8 41. Rxf5 Qxf5 42. Qxe7+ Bg7 43. Qh4+ Bh6 44. Kg1 Rg5 45. Rf1 Qg6 46. Bxg4 Rxg4 47. Qe7+ Bg7 48. Qxg7+ Qxg7 49. Bxg7 Rxg7 50. Rf4 Re7 51. Kf2 Kg6 52. b4 Re5 53. a3 a5 54. g3 Kg5 55. Ke2 Kg6 56. Ke1 Kg5 57. Kf1 Kg6 58. Ke2 Kg5 59. Rf7 axb4 60. axb4 b6 61. cxb6 Rb5 62. b7 Rxb4 63. Kd2 Kg6 64. Rc7 c5 65. Kc3 Kf6 66. Rc6+ Ke7 67. Rxc5 Rxb7 68. Re5+ Kf6 69. Rxe4 Kf5 70. Rf4+ Ke5 71. Kd3 Rb2 72. Rg4 Kf5 73. Rf4+ Ke5 74. Re4+ Kf5 75. g4+ Kg5 76. Rf4 Rb3+ 77. Ke4 Rb1 78. Kf3 Rf1+ 79. Kg3 Rg1+ 80. Kh3 Re1 81. Rf5+ Kg6 82. Re5 Kf6 83. Re8 Kg5 84. Kg3 Rg1+ 85. Kf3 Rf1+ 86. Ke4 Ra1 87. Rg8+ Kf6 88. Rd8 Rg1 89. Rd6+ Ke7 90. Rg6 Kf7 91. Rg5 Ke6 $1 92. Re5+ ({Better is} 92. Kf3 $18) 92... Kd6 93. Rd5+ Ke6 94. Re5+ Kd6 95. Rg5 Ke6 96. Re5+ $2 1/2-1/2

[Event "XXIX Cracovia 2018"]
[Site "Krakow"]
[Date "2019.01.03"]
[Round "8"]
[White "Popescu, Florin"]
[Black "Smal, Tobiasz"]
[Result "0-1"]
[ECO "E62"]
[WhiteElo "2099"]
[BlackElo "1958"]
[Annotator "NA"]
[PlyCount "90"]
[EventDate "2018.12.27"]
[EventType "swiss"]
[EventCountry "POL"]
[SourceTitle "playchess.com"]
[Source "ChessBase"]
[SourceQuality "1"]
[TimeControl "40/5400+30:1800+30"]

1. d4 Nf6 2. Nf3 g6 3. g3 Bg7 4. Bg2 O-O 5. c4 d6 6. Nc3 Nc6 7. O-O Bf5 8. d5 Na5 9. Nd4 Bd7 10. b3 c5 11. dxc6 Nxc6 12. Bb2 Qa5 13. h3 Rac8 14. e3 a6 15. Qe2 Rfe8 16. a3 Qb6 17. Nxc6 Bxc6 18. Bxc6 Rxc6 19. Qd1 e6 20. Rc1 Rec8 21. Kg2 h5 22. Na4 Qa5 23. Qd3 b5 24. cxb5 axb5 25. Rxc6 Rxc6 26. Nc3 b4 27. axb4 Qxb4 28. Ne2 Rb6 29. Rd1 d5 30. Nc1 h4 31. Bd4 Rc6 32. gxh4 Qd6 33. Ne2 e5 34. Bc3 Ne4 35. Be1 Nf6 36. Nc3 d4 37. exd4 exd4 38. Qxd4 Qe6 39. Nd5 Nh5 40. Qe3 Be5 41. Qf3 Rd6 42. Kf1 Rd7 43. Bc3 Bxc3 44. Nxc3 Rxd1+ 45. Nxd1 Nf6 0-1

[Event "XXIX Cracovia 2018"]
[Site "Krakow"]
[Date "2019.01.03"]
[Round "8"]
[White "Romashov, Anton"]
[Black "Brylski, Pawel"]
[Result "1-0"]
[ECO "A08"]
[WhiteElo "2076"]
[BlackElo "1975"]
[Annotator "NA"]
[PlyCount "109"]
[EventDate "2018.12.27"]
[EventType "swiss"]
[EventCountry "POL"]
[SourceTitle "playchess.com"]
[Source "ChessBase"]
[SourceQuality "1"]
[TimeControl "40/5400+30:1800+30"]

1. Nf3 d5 2. g3 c5 3. Bg2 Nc6 4. c4 d4 5. O-O e5 6. d3 Be7 7. e3 Qc7 8. exd4 cxd4 9. Na3 Bg4 10. Qa4 Bd7 11. Re1 f6 12. Bd2 Qc8 13. Qd1 a6 14. Nc2 Bf5 15. Qe2 a5 16. Nh4 Bg4 17. f3 Bh3 18. f4 Bxg2 19. Kxg2 Qe6 20. Nf3 O-O-O 21. fxe5 f5 22. Qf2 Bc5 23. Ng5 Qg6 24. e6 Nh6 25. h3 Rhe8 26. Re2 Re7 27. Rae1 Rde8 28. Qf4 Ng8 29. a3 h6 30. Nf3 Rxe6 31. Rxe6 Rxe6 32. Nfxd4 Rxe1 33. Bxe1 Nge7 34. Nb5 Kd7 35. d4 Bd6 36. Nxd6 Qxd6 37. d5 Ne5 38. Bxa5 g5 39. Qd4 f4 40. Bc3 f3+ 41. Kf2 N7g6 42. Qe4 Kd8 43. Ne3 h5 44. Qf5 h4 45. Qxg5+ Kc7 46. gxh4 Nd3+ 47. Kxf3 Qf8+ 48. Bf6 Qe8 49. h5 Ngf4 50. Be5+ Nxe5+ 51. Kxf4 Nd3+ 52. Kf3 Qf7+ 53. Qf5 Ne1+ 54. Ke2 Qe7 55. Qf4+ 1-0

[Event "XXIX Cracovia 2018"]
[Site "Krakow"]
[Date "2019.01.03"]
[Round "8"]
[White "Siprashvili, Ivane"]
[Black "Budnik, Mateusz"]
[Result "1-0"]
[ECO "D02"]
[WhiteElo "2074"]
[BlackElo "2053"]
[Annotator "NA"]
[PlyCount "73"]
[EventDate "2018.12.27"]
[EventType "swiss"]
[EventCountry "POL"]
[SourceTitle "playchess.com"]
[Source "ChessBase"]
[SourceQuality "1"]
[TimeControl "40/5400+30:1800+30"]

1. Nf3 d5 2. d4 Nf6 3. Bf4 Bf5 4. e3 e6 5. Nbd2 Bd6 6. Ne5 O-O 7. Be2 Nfd7 8. Nxd7 Qxd7 9. Bg3 c5 10. c3 cxd4 11. exd4 Nc6 12. Bxd6 Qxd6 13. O-O Rac8 14. Re1 a6 15. Nb3 Nb8 16. a4 Nd7 17. a5 Rb8 18. Nc1 Rfc8 19. Bd3 Bxd3 20. Nxd3 Re8 21. Qf3 Rbc8 22. Re3 Nf6 23. Ne5 Re7 24. Qg3 Nd7 25. Ng6 e5 26. Nxe7+ Qxe7 27. dxe5 Nc5 28. Qg4 Re8 29. Rae1 Qc7 30. h4 Ne6 31. f4 Qxa5 32. f5 Nf8 33. Qd4 Qb5 34. h5 Rc8 35. e6 fxe6 36. fxe6 Re8 37. e7 1-0

[Event "XXIX Cracovia 2018"]
[Site "Krakow"]
[Date "2019.01.03"]
[Round "8"]
[White "Patsia, Zviad"]
[Black "Jankowiak, Tomasz"]
[Result "1-0"]
[ECO "A22"]
[WhiteElo "2058"]
[BlackElo "2070"]
[Annotator "NA"]
[PlyCount "85"]
[EventDate "2018.12.27"]
[EventType "swiss"]
[EventCountry "POL"]
[SourceTitle "playchess.com"]
[Source "ChessBase"]
[SourceQuality "1"]
[TimeControl "40/5400+30:1800+30"]

1. c4 e5 2. Nc3 Nf6 3. g3 d5 4. cxd5 Nxd5 5. Bg2 Nb6 6. Nf3 Nc6 7. O-O Be7 8. d3 O-O 9. Be3 Be6 10. Ne4 Nd5 11. Bc5 f6 12. Bxe7 Qxe7 13. Rc1 Bf7 14. Nc5 Nd8 15. Nh4 c6 16. e4 Nb6 17. Nf5 Qc7 18. d4 g6 19. Nh6+ Kg7 20. Nxf7 Qxf7 21. dxe5 fxe5 22. b3 Nc8 23. f4 Ne6 24. fxe5 Qe7 25. Rxf8 Nxf8 26. Qd4 Ne6 27. Nxe6+ Qxe6 28. Rf1 Nb6 29. Rf6 Qe7 30. Bh3 Rd8 31. Rd6 Rf8 32. a4 c5 33. Qxc5 Kh8 34. a5 Na8 35. e6 Qf6 36. Qd4 Qxd4+ 37. Rxd4 Re8 38. Rd7 b6 39. b4 bxa5 40. bxa5 a6 41. Kf2 Kg8 42. Ke3 Rb8 43. Kd4 1-0

[Event "XXIX Cracovia 2018"]
[Site "Krakow"]
[Date "2019.01.03"]
[Round "8"]
[White "Skomial, Mateusz"]
[Black "Jankowiak, Piotr"]
[Result "0-1"]
[ECO "C90"]
[WhiteElo "2050"]
[BlackElo "1952"]
[Annotator "NA"]
[PlyCount "106"]
[EventDate "2018.12.27"]
[EventType "swiss"]
[EventCountry "POL"]
[SourceTitle "playchess.com"]
[Source "ChessBase"]
[SourceQuality "1"]
[TimeControl "40/5400+30:1800+30"]

1. e4 e5 2. Nf3 Nc6 3. Bb5 a6 4. Ba4 Nf6 5. O-O Be7 6. Re1 b5 7. Bb3 O-O 8. d3 d6 9. c3 Na5 10. Bc2 c5 11. Nbd2 Nc6 12. Nf1 Re8 13. Bg5 h6 14. Bh4 g5 15. Bg3 Bf8 16. Ne3 Bg7 17. h4 g4 18. Nd2 Bd7 19. Bb3 Ne7 20. f3 h5 21. Rf1 Qb6 22. c4 b4 23. fxg4 hxg4 24. Nf5 Nxf5 25. exf5 Qb7 26. Bc2 d5 27. cxd5 Qxd5 28. Ne4 Nxe4 29. dxe4 Qxd1 30. Rfxd1 Bb5 31. Bf2 c4 32. Kh2 Red8 33. Bb6 Rdb8 34. Be3 c3 35. b3 a5 36. Kg3 a4 37. Re1 Rd8 38. Red1 a3 39. Bb6 Rdb8 40. Be3 Rd8 41. Rd5 Rxd5 42. exd5 e4 43. Bf4 Bd3 44. Rc1 Ra5 45. Kxg4 Rxd5 46. h5 Kh7 47. Be3 Bh6 48. Bf4 Bxf4 49. Kxf4 Bxc2 50. Rxc2 Rd2 51. Rc1 Rxg2 52. Kxe4 Rxa2 53. Kd3 Rb2 0-1

[Event "XXIX Cracovia 2018"]
[Site "Krakow"]
[Date "2019.01.03"]
[Round "8"]
[White "Kvaratskhelia, Dimitri"]
[Black "Hasterok, Mateusz"]
[Result "1-0"]
[ECO "B38"]
[WhiteElo "1996"]
[BlackElo "1884"]
[Annotator "NA"]
[PlyCount "101"]
[EventDate "2018.12.27"]
[EventType "swiss"]
[EventCountry "POL"]
[SourceTitle "playchess.com"]
[Source "ChessBase"]
[SourceQuality "1"]
[TimeControl "40/5400+30:1800+30"]

1. e4 c5 2. Nf3 Nc6 3. c4 g6 4. d4 cxd4 5. Nxd4 Bg7 6. Be3 d6 7. Nc3 Nf6 8. Be2 Bd7 9. O-O O-O 10. Qd2 Nxd4 11. Bxd4 Bc6 12. f3 a6 13. Rfd1 Nd7 14. Bxg7 Kxg7 15. f4 Rb8 16. Qd4+ Kg8 17. b4 Qb6 18. b5 Qxd4+ 19. Rxd4 Nc5 20. bxc6 bxc6 21. Rdd1 Rb2 22. Rab1 Rfb8 23. Bf3 R8b6 24. e5 dxe5 25. fxe5 Kg7 26. g3 h5 27. Rxb2 Rxb2 28. Bxc6 Rc2 29. Rd5 Rxc3 30. Rxc5 Rc1+ 31. Kg2 Rc2+ 32. Kf3 Rxa2 33. h4 Ra3+ 34. Kf4 Rc3 35. Bd5 e6 36. Bc6 Kh6 37. Be8 Rc1 38. Rc7 Rf1+ 39. Ke3 Kg7 40. c5 Kf8 41. Bc6 Rc1 42. Be4 a5 43. c6 a4 44. Ra7 Ke8 45. Rxa4 Kd8 46. Ra8+ Ke7 47. Ra7+ Ke8 48. Bd3 Kd8 49. Rd7+ Kc8 50. Ba6+ Kb8 {[%emt 0:00:05] R} 51. Rb7+ 1-0

[Event "XXIX Cracovia 2018"]
[Site "Krakow"]
[Date "2019.01.03"]
[Round "8"]
[White "Szwaj, Jacek"]
[Black "Adamczewski, Maciej"]
[Result "1/2-1/2"]
[ECO "C03"]
[WhiteElo "1968"]
[BlackElo "2080"]
[Annotator "NA"]
[PlyCount "143"]
[EventDate "2018.12.27"]
[EventType "swiss"]
[EventCountry "POL"]
[SourceTitle "playchess.com"]
[Source "ChessBase"]
[SourceQuality "1"]
[TimeControl "40/5400+30:1800+30"]

1. e4 e6 2. d4 d5 3. Nd2 a6 4. Bd3 c5 5. dxc5 Bxc5 6. Ngf3 Nc6 7. exd5 exd5 8. O-O Nf6 9. Re1+ Be7 10. c3 O-O 11. Nb3 Bg4 12. Nbd4 Re8 13. Qc2 Bh5 14. Bg5 h6 15. Bh4 Bxf3 16. Nxf3 Nd7 17. Bxe7 Rxe7 18. Rxe7 Qxe7 19. Re1 Qd6 20. Qd2 Rd8 21. Bc2 Nc5 22. Qe2 Kf8 23. Qe3 Ne6 24. Qd3 Ke7 25. Bb3 Rd7 26. g3 Kd8 27. Ba4 Nc5 28. Qd1 b5 29. Bc2 g6 30. Qd2 h5 31. b4 Ne6 32. Bb3 Nc7 33. Rd1 Kc8 34. a4 Ne5 35. Ne1 Qc6 36. axb5 axb5 37. Qd4 Nc4 38. Nd3 Ne6 39. Qh8+ Rd8 40. Qf6 Qc7 41. Ra1 Nb6 42. Qe5 Qxe5 43. Nxe5 Ng5 44. f4 Ne4 45. Nxf7 Rf8 46. Ne5 Nxc3 47. Nxg6 Rf6 48. Ne5 Nc4 49. Bd1 Nxe5 50. fxe5 Rf5 51. e6 Re5 52. Bf3 Kd8 53. Ra7 Rxe6 54. Bxh5 d4 55. Ra3 Re5 56. Bf3 Re1+ 57. Kf2 Rb1 58. h4 Rxb4 59. h5 Ke7 60. h6 Rb2+ 61. Kg1 Kf7 62. Bh5+ Kg8 63. Bg6 Ra2 64. Rxa2 Nxa2 65. Kf2 Nc3 66. g4 b4 67. Bc2 Kh8 68. Ke1 Nd5 69. Kf2 Ne3 70. Bb3 Nxg4+ 71. Kf3 Nxh6 72. Ke4 1/2-1/2